 Dungeon Crawl Stone Soup version 0.29.1-1-gd02db6906a (webtiles) character file.

Game seed: 12536096832350973600

42 Sabo the Sneak (level 3, -4/16 HPs)
             Began as a Spriggan Air Elementalist on Sept 24, 2022.
             Slain by a polar bear (20 damage)
             ... created by the rage of Trog
             ... on level 2 of the Dungeon.
             The game lasted 00:13:15 (1911 turns).

Sabo the Sneak (Spriggan Air Elementalist)          Turns: 1911, Time: 00:13:16

Health: -4/16      AC:  2    Str:  4    XL:     3   Next: 35%
Magic:  8/8        EV: 17    Int: 18    God:
Gold:   97         SH:  0    Dex: 15    Spells: 7/8 levels left

rFire   . . .      SeeInvis +   k - +1 dagger (drain)
rCold   . . .      Faith    .   (no shield)
rNeg    . . .      Spirit   .   a - +0 robe
rPois   .          Reflect  .   (helmet restricted)
rElec   .          Harm     .   e - scarf {+Inv}
rCorr   .          Rampage  .   (gloves unavailable)
Will    .....                   (boots unavailable)
Stlth   +++.......              (no amulet)
HPRegen 0.05/turn               d - ring of wizardry
MPRegen 0.11/turn               (no ring)

@: very quick
A: very small, no large weapons, unfitting armour, see invisible, speed 3
a: Evoke Invisibility


You were on level 2 of the Dungeon.
You visited 1 branch of the dungeon, and saw 2 of its levels.

You collected 97 gold pieces.

Inventory:

Hand Weapons
 k - a +1 dagger of draining (weapon)
Missiles
 h - 4 poisoned darts (quivered)
Armour
 a - a +0 robe (worn)
 e - a scarf of invisibility (worn)
Jewellery
 d - a ring of wizardry (left hand)
Scrolls
 c - a scroll of torment {unknown}
 j - a scroll of identify {unknown}
 l - a scroll of immolation {unknown}
Potions
 b - a potion of magic
 f - a potion of curing {unknown}
 g - 3 potions of flight {unknown}
 i - a potion of mutation {unknown}
 m - a potion of haste {unknown}


   Skills:
 + Level 0.2 Short Blades
 + Level 3.3 Dodging
 + Level 4.3 Stealth
 - Level 3.0 Spellcasting
 - Level 0.6 Conjurations
 - Level 3.1 Air Magic


You had 7 spell levels left.
You knew the following spells:

 Your Spells              Type           Power      Damage    Failure   Level
a - Shock                 Conj/Air       36%        1d5       3%          1

Your spell library contained the following spells:

 Spells                   Type           Power      Damage    Failure   Level
 Static Discharge         Conj/Air       9%         3-5/arc   4%          2
 Swiftness                Air            13%        N/A       6%          3
 Airstrike                Air            6%         2d(1-17)  17%         4
 Lightning Bolt           Conj/Air       4%         1d16      61%         5
 Maxwell's Capacitive Co  Air            6%         ∞         100%        8


Dungeon Overview and Level Annotations

Branches:
Dungeon (2/15)

Altars:
Trog


Innate Abilities, Weirdness & Mutations

You are very small and have problems with some larger weapons.
You are too small for most types of armour.
You have supernaturally acute eyesight. (SInv)
You cover ground extremely quickly. (Speed+++)


Message History

Casting: Shock (safe; 3% risk of failure)
Confirm with . or Enter, or press ? or * to list all spells.
Aiming: Shock (safe; 3% risk of failure)
Press: ? - help, Shift-Dir - straight line, f/p - worm
Aim: a worm (heavily wounded, lightly drained, 89% to hit)
The zap hits the worm.
The worm is severely wounded.
You barely miss the worm.
The worm is severely wounded.
The worm closely misses you.
You hit the worm but do no damage.
The worm is heavily wounded.
You hit the worm. You drain the worm.
The worm is severely wounded.
The worm completely misses you.
You hit the worm.
The worm is almost dead.
The worm completely misses you.
You barely miss the worm.
The worm is almost dead.
You hit the worm. You drain the worm.
You kill the worm!
Your life force feels restored.
You now have 97 gold pieces (gained 15).
You start resting.
Magic restored.
You start resting.
HP restored.
Trog sends monsters to punish you.
A black bear and 3 polar bears come into view.
The black bear rages.
Found 6 stones.
The polar bear closely misses you.
The polar bear claws you but does no damage.
The polar bear closely misses you.
The black bear rages.
Found 10 gold pieces.
The polar bear rages.
The polar bear bites you!!
Ouch! That really hurt!
You die...

#.# #.## ####..## .<....
# ##....## ##
#####..##..###... .
#................
########.......h.##..##.
......>......hh.@..(....
#####........h...#.####.
#.....##########.#.#
..##### #.# # ### #$. #
####


You could see 3 polar bears and a black bear (berserk).

Vanquished Creatures
  An adder (D:2)
  A worm (D:2)
  A dart slug (D:1)
  6 bats (D:1)
  3 endoplasms
  A giant cockroach (D:1)
  4 goblins (D:1)
  2 hobgoblins (D:1)
  2 quokkas (D:1)
  A ball python (D:1)
  A frilled lizard (D:1)
  2 kobolds (D:1)
  3 rats (D:1)
28 creatures vanquished.

Vanquished Creatures (others)
  A plant (D:1)
1 creature vanquished.

Grand Total: 29 creatures vanquished

Notes
Turn   | Place    | Note
-------+----------+-------------------------------------------
     0 | D:1      | Sabo the Spriggan Air Elementalist began the quest for the
                  | Orb.
     0 | D:1      | Reached XP level 1. HP: 9/9 MP: 5/5
   429 | D:1      | Reached XP level 2. HP: 13/13 MP: 2/6
   877 | D:1      | Found a faded altar of an unknown god.
   887 | D:1      | Prayed at the altar of an unknown god.
   887 | D:1      | Became a worshipper of Trog the Wrathful
   887 | D:1      | Reached * piety under Trog
   907 | D:1      | Fell from the grace of Trog
   989 | D:1      | Paralysed by Trog for 5 turns
  1413 | D:1      | Reached XP level 3. HP: 14/14 MP: 6/8
  1614 | D:2      | Reached skill level 4 in Stealth
  1903 | D:2      | Noticed a polar bear
  1903 | D:2      | Noticed a black bear
  1903 | D:2      | Noticed a polar bear
  1903 | D:2      | Noticed a polar bear
  1911 | D:2      | Slain by a polar bear

Illustrated notes

Levels and vault maps discovered:
D:1:      heliophobic_arrival_henge, layout_loops_cross,
          shapermc_ecumenical_altar_acropolis, st_stairs_8
D:2:      layout_rooms, basic_altar, uniq_natasha, uniq_sigmund

Skill      XL: |  1  2  3 |
---------------+----------+-----
Air Magic      | 3 |  3.1
Dodging        | 3 |  3.3
Spellcasting   | 3 |  3.0
Stealth        | 4 |  4.3
Short Blades   | |  0.2
Conjurations   | |  0.6

Action                   || total
-------------------------++-------
Melee: Dagger            ||    21
 Cast: Shock             ||    67
Invok: Renounce Religion ||     1
Armor: Robe              ||     5
Dodge: Dodged            ||    24
